 Dungeon Crawl Stone Soup version 0.27-a0-1188-g73eefd5def (webtiles) character file.

Game seed: 4888781023847372096

500 leviel the Chopper (level 6, -1/47 HPs)
             Began as a Demonspawn Fighter on May 21, 2021.
             Was an Initiate of Makhleb.
             Slain by Pikel
             ... wielding a +0 whip of freezing
              (3 damage)
             ... on level 5 of the Dungeon.
             The game lasted 00:05:17 (5599 turns).

leviel the Chopper (Demonspawn Fighter)             Turns: 5599, Time: 00:05:18

Health: -1/47      AC:  6    Str: 18    XL:     6   Next: 94%
Magic:  6/6        EV:  7    Int: 10    God:    Makhleb [......]
Gold:   218        SH:  8    Dex: 12    Spells: 5/5 levels left

rFire    . . .     SeeInvis .   a - +0 war axe
rCold    . . .     Faith    .   c - +0 kite shield
rNeg     . . .     Spirit   .   b - +0 scale mail
rPois    .         Reflect  .   (helmet restricted)
rElec    .         Harm     .   (no cloak)
rCorr    .         Rampage  .   (no gloves)
Will     ++...                  (no boots)
Stlth    ..........             i - amulet of the acrobat
HPRegen  0.15/turn              g - ring of willpower
MPRegen  0.10/turn              o - ring of willpower

@: no status effects
A: antennae 1, demonic guardian 2
a: Renounce Religion


You were on level 5 of the Dungeon.
You worshipped Makhleb.
Makhleb was noncommittal.
You visited 2 branches of the dungeon, and saw 6 of its levels.

You collected 218 gold pieces.

Inventory:

Hand Weapons
 a - a +0 war axe (weapon)
Armour
 b - a +0 scale mail (worn)
 c - a +0 kite shield (worn)
Jewellery
 g - a ring of willpower (left hand)
 i - an amulet of the acrobat (around neck)
 n - a +4 ring of protection
 o - a ring of willpower (right hand)
Scrolls
 e - a scroll of teleportation {unknown}
 f - 5 scrolls of identify {unknown}
 h - a scroll of enchant weapon {unknown}
 l - a scroll of blinking {unknown}
Potions
 d - a potion of might
 j - 3 potions of curing {unknown}
 k - a potion of brilliance {unknown}
 m - a potion of magic {unknown}
 p - 2 potions of invisibility {unknown}


   Skills:
 - Level 3.0 Fighting
 + Level 6.9 Axes
 - Level 2.6 Armour
 - Level 2.6 Shields


You had 5 spell levels left.
You didn't know any spells.
Your spell library contained the following spells:

 Spells                   Type           Power      Damage    Failure   Level
 Sandblast                Erth           0%         2d4       99%         1
 Passwall                 Tmut/Erth      0%         N/A       100%        2
 Stone Arrow              Conj/Erth      0%         3d7       100%        3
 Petrify                  Tmut/Erth      0%         N/A       100%        4
 Lee's Rapid Deconstruct  Erth           0%         3d5*      100%        5


Dungeon Overview and Level Annotations

Branches:
Dungeon (5/15)             Temple (1/1) D:4

Altars:
Cheibriados
Elyvilon
Fedhas
Gozag
Hepliaklqana
Kikubaaqudgha
Makhleb
Nemelex Xobeh
Qazlal
Sif Muna
Trog
Uskayaw
Xom
The Shining One

Shops:
D:3 (

Annotations:
D:4 3 runed translucent doors, ClownBaby's ghost, amateur DsBr; jien's ghost, novice GrFi
D:5 Pikel


Innate Abilities, Weirdness & Mutations

You have a pair of small antennae on your head.
A demonic guardian rushes to your aid.


Message History

A lemure comes into view.
The lemure shouts!
You slash the lemure!
The lemure is moderately wounded.
The lemure hits you but does no damage. You block the lemure's attack.
You hit the lemure.
The lemure is heavily wounded.
A water moccasin skeleton comes into view.
The water moccasin skeleton moves out of view.
You closely miss Pikel.
Pikel hits you with a +0 whip of freezing.
Pikel freezes you.
You closely miss Pikel. Pikel hits you but does no damage.
You slash Pikel!
Pikel is moderately wounded.
Pikel hits you with a +0 whip of freezing!
* * * LOW HITPOINT WARNING * * *
Pikel freezes you.
* * * LOW HITPOINT WARNING * * *
Pikel hits you with a +0 whip of freezing.
* * * LOW HITPOINT WARNING * * *
Pikel freezes you.
* * * LOW HITPOINT WARNING * * *
A demonic guardian appears!
Found a scroll labelled BICIHA FEPSIFA.
Your hellwing misses Pikel.
Your hellwing barely misses Pikel.
What are your orders? t - Shout!
Orders for allies: a - Attack new target. r - Retreat! s - Stop attacking. g - Guard the area. f - Follow me.
Anything else - Cancel.
Gang up on whom?
Press: ? - help, Dir - move target, f - Pikel
Aim: Pikel, wielding a +0 whip of freezing and wearing a +0 robe (moderately wounded, ally target) Attack!
Your hellwing hits the lemure. x2
Pikel hits you with a +0 whip of freezing!
* * * LOW HITPOINT WARNING * * *
Pikel freezes you.
You die...

(#. .. .. 5 ###W
..#{ #<# .#
.?.#.#####W##...##
....>..@K54......#
##.#...##........#
###. ######..## ..
.# #.. # ###


You could see Pikel (ally target), a phantom, a lemure and a friendly hellwing
(summoned).

Vanquished Creatures
  A black bear (D:4)
  An ogre (D:5)
  An orc priest (D:4)
  Natasha (D:3)
  Terence (D:3)
  An iguana (D:4)
  2 adders (D:3)
  10 orcs
  6 bats
  10 endoplasms
  A giant cockroach (D:3)
  14 goblins
  8 hobgoblins
  9 jackals
  2 quokkas (D:1)
  11 ball pythons
  2 frilled lizards
  6 kobolds
  7 rats
94 creatures vanquished.

Vanquished Creatures (collateral kills)
  A phantom (D:4)
  An orc wizard (D:4)
  Robin (D:2)
  2 adders
  An orc (D:4)
  2 goblins (D:2)
  A hobgoblin (D:2)
  A ball python (D:1)
  A kobold (D:2)
  A rat (D:1)
12 creatures vanquished.

Vanquished Creatures (others)
  6 withered plants (D:4)
6 creatures vanquished.

Grand Total: 112 creatures vanquished

Notes
Turn   | Place    | Note
-------+----------+-------------------------------------------
     0 | D:1      | leviel the Demonspawn Fighter began the quest for the Orb.
     0 | D:1      | Reached XP level 1. HP: 18/18 MP: 1/1
    33 | D:1      | Reached skill level 2 in Axes
   291 | D:1      | Gained mutation: A weak demonic guardian rushes to your
                  | aid. [demonic ancestry]
   291 | D:1      | Reached XP level 2. HP: 15/24 MP: 2/2
   419 | D:1      | Found a faded altar of an unknown god.
   578 | D:1      | Reached skill level 3 in Axes
   989 | D:1      | Gained mutation: A demonic guardian rushes to your aid.
                  | [demonic ancestry]
   989 | D:1      | Reached XP level 3. HP: 27/29 MP: 3/3
  1808 | D:2      | Noticed Robin
  1843 | D:2      | Killed Robin
  1844 | D:2      | Reached skill level 4 in Axes
  1844 | D:2      | Reached XP level 4. HP: 6/35 MP: 4/4
  2741 | D:3      | Noticed Terence
  2756 | D:3      | Killed Terence
  3081 | D:3      | Found a sparkling altar of Nemelex Xobeh.
  3269 | D:3      | Gained mutation: You have a pair of small antennae on your
                  | head. [demonic ancestry]
  3269 | D:3      | Reached XP level 5. HP: 39/41 MP: 5/5
  3603 | D:3      | Reached skill level 5 in Axes
  3726 | D:3      | Noticed Natasha
  3732 | D:3      | Killed Natasha
  4075 | D:3      | Found Rima's Antique Weapon Emporium.
  4227 | D:4      | Found a runed translucent gate.
  4227 | D:4      | Found a runed translucent gate.
  4227 | D:4      | Noticed ClownBaby's ghost (amateur DsBr)
  4228 | D:4      | Found a runed translucent gate.
  4228 | D:4      | Noticed jien's ghost (novice GrFi)
  4262 | D:4      | Noticed a phantom
  4270 | D:4      | Killed a phantom
  4271 | D:4      | Reached XP level 6. HP: 33/47 MP: 6/6
  4627 | D:4      | Found a staircase to the Ecumenical Temple.
  4708 | D:4      | Reached skill level 6 in Axes
  4837 | Temple   | Entered the Ecumenical Temple
  5118 | Temple   | Became a worshipper of Makhleb the Destroyer
  5585 | D:5      | Entered Level 5 of the Dungeon
  5587 | D:5      | Noticed Pikel
  5599 | D:5      | HP: 2/47 [Pikel/+0 whip of freezing (8)]
  5599 | D:5      | Slain by Pikel

Illustrated notes

Levels and vault maps discovered:
D:1:      lightli_arrival_farm, layout_loops_ring,
          chequers_ecumenical_altar_simple
D:2:      layout_loops_ring, kennysheep_generic_room_8, uniq_robin
D:3:      layout_loops_ring, lemuel_round_altar, serial_shops,
          nicolae_shop_window_shopping, uniq_natasha, uniq_terence
D:4:      layout_gridville, minmay_temple_entry_grid, gammafunk_ghost_cemetery
D:5:      layout_rooms, grunt_dithmenos_shadows,
          yredelemnul_forgotten_temple_becter,
          minmay_a_box_with_orc_wizards_in_it, uniq_pikel
Temple:   nicolae_temple_figure_eight

Skill      XL: |  1  2  3  4  5  6 |
---------------+-------------------+-----
Axes           | 2 3 4 5 6 |  6.9
Fighting       | |  3.0
Armour         | |  2.6
Shields        | |  2.6

Action                   |  1- 3 |  4- 6 || total
-------------------------+-------+-------++-------
Melee: War axe           |   142 |   146 ||   288
Armor: Scale mail        |    78 |    49 ||   127
Dodge: Dodged            |    48 |    48 ||    96
Block: Kite shield       |    77 |    69 ||   146

Table legend: (Time is in decaauts)
 A = Elapsed time spent in this place.
 B = Non-inter-level travel time spent in this place.
 C = Inter-level travel time spent in this place.
 D = Time resting spent in this place.
 E = Time spent auto-exploring this place.
 F = Levels seen in this place.
 G = Mean time per level.
                   A        B        C        D        E       F      G
               +--------+--------+--------+--------+--------+-----+--------+
         Total |   5778 |   5534 |    244 |   1198 |   3619 |   6 |  963.0 |
       Dungeon |   5484 |   5288 |    196 |   1198 |   3412 |   5 | 1096.8 |
        Temple |    293 |    245 |     48 |      0 |    207 |   1 |  293.0 |
               +--------+--------+--------+--------+--------+-----+--------+

Top non-repeatable levels by time:
     D:2: 1596 daAuts
     D:3: 1460 daAuts
     D:1: 1258 daAuts
     D:4: 1151 daAuts
  Temple: 293 daAuts
     D:5: 17 daAuts
